Vegas Golden Knights vs Arizona Coyotes
Created - Monday, April 21, 2025 at 06:55
Goals
|
| Vegas Golden Knights |
2 |
3 |
2 |
7 |
| Arizona Coyotes |
0 |
1 |
1 |
2 |
|
Shots
|
| Vegas Golden Knights |
10 |
14 |
15 |
39 |
| Arizona Coyotes |
10 |
9 |
13 |
32 |
|
1st period
1. Vegas Golden Knights , Tyler Toffoli 17 (Sean Monahan 34, Marc-Edouard Vlasic 3) at 5:24
2. Vegas Golden Knights , Tyler Toffoli 18 (Marc-Edouard Vlasic 4, Johnny Gaudreau 18) at 17:34
Penalties :
Radko Gudas (AZC) for Tripping (Minor) at 12:41
2nd period
3. Vegas Golden Knights , Jordan Staal 9 (Cole Smith 3) at 4:25
4. Vegas Golden Knights , Sean Monahan 16 (Tyler Toffoli 21, Johnny Gaudreau 19) at 6:44
5. Vegas Golden Knights , Jordan Staal 10 (Roman Josi 31, Denis Gurianov 2) at 10:52
6. Arizona Coyotes , Mason McTavish 20 (Ryan Donato 27, Tyler Bertuzzi 14) at 11:16
Penalties :
Tyler Seguin (AZC) for Tripping (Minor) at 2:04, Radko Gudas (AZC) for Fighting (Major) at 13:37, Sean Monahan (VGK) for Fighting (Major) at 13:37, Radko Gudas (AZC) for instigated a fight (Minor) at 13:37, Radko Gudas (AZC) for instigated and being the aggresor in a fight (20 Minutes Game Misconduct) at 13:37
3rd period
7. Arizona Coyotes , Tyler Seguin 23 (Mats Zuccarello 38, Charlie Coyle 43) at 2:36 (PP)
8. Vegas Golden Knights , Tyler Toffoli 19 (Sean Monahan 35, Johnny Gaudreau 20) at 11:06
9. Vegas Golden Knights , Reilly Smith 10 (Auston Matthews 27, Bryan Rust 34) at 13:27
Penalties :
Roman Josi (VGK) for Tripping (Minor) at 1:42, Mason McTavish (AZC) for Roughing (Minor) at 6:29, Ryan Graves (VGK) for Cross-checking (Minor) at 14:53
Goalie Stats
Semyon Varlamov (VGK), 30 saves from 32 shots - (0.938), W, 26-10-4, 60:00 minutes
Jacob Markstrom (AZC), 25 saves from 30 shots - (0.833), 50:50 minutes
Elvis Merzlikins (AZC), 7 saves from 9 shots - (0.778), L, 6-7-1, 9:10 minutes
Players Stats for Vegas Golden Knights
Player Name G A P +/- PIM S H SB GA TA FO MP PP MP PK MP
------------------------------------------------------------------------------------
Auston Matthews 0 1 1 0 0 3 2 0 0 0 8/20 18:52 4:12 0:00
Bryan Rust 0 1 1 0 0 2 1 1 0 0 0/2 18:01 4:12 0:00
Cole Smith 0 1 1 2 0 0 2 1 0 0 0/0 10:30 0:00 1:16
Danton Heinen 0 0 0 0 0 1 0 0 2 0 0/0 12:07 0:04 0:00
Denis Gurianov 0 1 1 2 0 3 4 0 0 0 0/0 11:10 0:05 1:16
John Marino 0 0 0 1 0 0 2 1 0 2 0/0 26:21 3:57 1:50
Johnny Gaudreau 0 3 3 4 0 3 1 0 0 0 1/2 17:30 3:39 0:00
Jordan Staal 2 0 2 2 0 3 1 2 0 0 7/10 11:48 0:49 1:12
Marc-Edouard Vlasic 0 2 2 3 0 0 1 0 0 1 0/0 14:55 0:00 1:08
Matt Nieto 0 0 0 0 0 2 0 0 1 0 0/0 14:03 0:20 1:23
Reilly Smith 1 0 1 0 0 3 1 0 0 0 0/0 17:56 4:12 0:00
Roman Josi 0 1 1 2 2 3 0 2 1 0 0/0 25:17 3:59 1:05
Ryan Graves 0 0 0 3 2 1 1 0 0 1 0/0 14:08 0:00 0:40
Sean Couturier 0 0 0 0 0 3 2 0 0 0 5/13 16:44 3:57 0:25
Sean Monahan 1 2 3 4 5 5 1 1 1 0 9/16 15:40 2:36 0:00
Shea Theodore 0 0 0 2 0 1 1 2 0 0 0/0 14:50 0:00 0:00
Thomas Chabot 0 0 0 1 0 0 1 2 1 0 0/0 19:26 3:59 1:03
Tyler Toffoli 3 1 4 4 0 6 0 2 2 0 0/0 17:46 3:39 0:14
Players Stats for Arizona Coyotes
Player Name G A P +/- PIM S H SB GA TA FO MP PP MP PK MP
------------------------------------------------------------------------------------
Brayden McNabb 0 0 0 -3 0 0 2 2 0 2 0/0 15:48 1:15 0:00
Charlie Coyle 0 1 1 -3 0 3 3 1 0 1 12/29 23:22 1:23 4:24
Erik Haula 0 0 0 -1 0 3 2 0 0 0 5/6 9:41 0:00 0:00
Jani Hakanpaa 0 0 0 -3 0 1 1 2 0 0 0/0 24:33 1:38 3:50
Jared Spurgeon 0 0 0 -1 0 0 1 2 0 0 0/0 26:16 1:15 4:06
Kiefer Sherwood 0 0 0 -3 0 0 2 0 0 0 0/0 8:35 0:00 0:21
Mark Jankowski 0 0 0 -2 0 1 0 0 0 1 1/1 7:52 0:00 0:00
Mason McTavish 1 0 1 1 2 3 2 1 0 0 10/17 17:54 1:30 2:23
Mats Zuccarello 0 1 1 -4 0 6 0 1 1 0 1/2 20:48 1:23 1:45
Matt Dumba 0 0 0 -3 0 2 3 1 0 1 0/0 26:14 1:38 4:21
Mike Hoffman 0 0 0 -2 0 0 0 0 1 0 2/5 7:52 0:00 0:00
Nick Seeler 0 0 0 -2 0 0 3 2 0 0 0/0 14:52 0:00 2:50
Ondrej Palat 0 0 0 -1 0 1 0 0 0 0 0/0 12:44 0:00 2:16
Radko Gudas 0 0 0 0 29 1 1 1 0 0 0/0 12:15 0:00 0:45
Ross Colton 0 0 0 -1 0 1 0 0 0 1 0/0 9:33 0:00 0:00
Ryan Donato 0 1 1 1 0 2 2 0 1 1 1/1 16:23 1:30 1:27
Tyler Bertuzzi 0 1 1 1 0 2 1 0 1 1 0/0 14:56 1:30 0:00
Tyler Seguin 1 0 1 -4 2 6 1 2 0 0 1/2 22:22 1:23 3:16
3 Stars
1 - Tyler Toffoli (VGK)
2 - Jordan Staal (VGK)
3 - Johnny Gaudreau (VGK)
Power Play
Vegas Golden Knights - 0 on 4 Attempt(s) - 0.00%
Arizona Coyotes - 1 on 2 Attempt(s) - 50.00%
Penalty Kill
Vegas Golden Knights - 1 on 2 Attempt(s) - 50.00%
- Score 0 goal in Penalty Kill
Arizona Coyotes - 4 on 4 Attempt(s) - 100.00%
- Score 0 goal in Penalty Kill
Team Stat
Vegas Golden Knights - Hits : 21 - Faceoff Wins : 30 - Blocked Shots : 14 - Penalty Minutes : 9
Arizona Coyotes - Hits : 24 - Faceoff Wins : 33 - Blocked Shots : 15 - Penalty Minutes : 33
Official
Referees : Beaudry Halkidis and Corey Syvret
Linesman : Ryan Galloway and CJ Murray
Game Notes
Elvis Merzlikins enters game at 17:34 of 1st period
Jacob Markstrom enters game at 6:44 of 2nd period
Sean Monahan beats up Radko Gudas at 13:37 of 2nd period
Radko Gudas (AZC) for instigated and being the aggresor in a fight (20 Minutes Game Misconduct) at 13:37
Radko Gudas ejected from game at 13:37 of 2nd period
Tyler Toffoli has scored a Hat Trick!
Finance
Level 1 -- Attendance: 6000 (100.00%) -- Ticket Income $540,000
Level 2 -- Attendance: 4695 (93.90%) -- Ticket Income $267,615
Level 3 -- Attendance: 3000 (100.00%) -- Ticket Income $96,000
Level 4 -- Attendance: 4928 (98.56%) -- Ticket Income $108,416
Luxury Box -- Attendance: 880 (88.00%) -- Ticket Income $168,960
Game was played at the Gila River Arena.
Total Attendance: 19503 (97.52%)
Total Ticket Income: $1,180,991
Other Income: $413,347
Total Income: $1,594,338
Vegas Golden Knights
5 vs 5 Forward
Center Left Wing Right Wing Time % Phy DF OF
1 Auston Matthews Bryan Rust Reilly Smith 30 1 2 2
2 Sean Monahan Johnny Gaudreau Tyler Toffoli 30 1 2 2
3 Sean Couturier Matt Nieto Danton Heinen 25 1 2 2
4 Jordan Staal Cole Smith Denis Gurianov 15 1 2 2
5 vs 5 Defense
Defense Defense Time % Phy DF OF
1 Roman Josi Shea Theodore 30 1 2 2
2 Thomas Chabot John Marino 30 1 2 2
3 Marc-Edouard Vlasic Ryan Graves 25 1 2 2
4 John Marino Roman Josi 15 1 2 2
PowerPlay Forward
Center Left Wing Right Wing Time % Phy DF OF
1 Auston Matthews Bryan Rust Reilly Smith 50 1 2 2
2 Sean Monahan Johnny Gaudreau Tyler Toffoli 50 1 2 2
PowerPlay Defense
Defense Defense Time % Phy DF OF
1 Sean Couturier John Marino 50 1 2 2
2 Thomas Chabot Roman Josi 50 1 2 2
Penalty Kill 4 Players Forward
Center Wing Time % Phy DF OF
1 Jordan Staal Matt Nieto 50 1 2 2
2 Denis Gurianov Cole Smith 50 1 2 2
Penalty Kill 4 Players Defense
Defense Defense Time % Phy DF OF
1 Marc-Edouard Vlasic Thomas Chabot 50 1 2 2
2 Ryan Graves John Marino 50 1 2 2
Penalty Kill - 3 Players Forward
Forward Time % Phy DF OF
1 Jordan Staal 50 1 2 2
2 Denis Gurianov 50 1 2 2
Penalty Kill - 3 Players Defense
Defense Defense Time % Phy DF OF
1 Marc-Edouard Vlasic Thomas Chabot 50 1 2 2
2 Ryan Graves John Marino 50 1 2 2
4 vs 4 Forward
Center Wing Time % Phy DF OF
1 Auston Matthews Bryan Rust 50 1 2 2
2 Sean Monahan Tyler Toffoli 50 1 2 2
4 vs 4 Defense
Defense Defense Time % Phy DF OF
1 Roman Josi Shea Theodore 50 1 2 2
2 Thomas Chabot John Marino 50 1 2 2
Last Minutes Offensive
Center Left Wing Right Wing Defense Defense
Auston Matthews Bryan Rust Sean Monahan Roman Josi Thomas Chabot
Last Minutes Defensive
Center Left Wing Right Wing Defense Defense
Jordan Staal Denis Gurianov Matt Nieto Marc-Edouard Vlasic John Marino
Goaltenders
Starting : Semyon Varlamov
Backup : Cayden Primeau
Extra Forwards
Normal : Sean Monahan, Auston Matthews, Bryan Rust - PP : Jordan Staal, Matt Nieto - PK : Sean Couturier
Extra Defensemen
Normal : Thomas Chabot, Roman Josi, John Marino - PP : Roman Josi - PK : John Marino, Roman Josi
Penalty Shots
Auston Matthews, Bryan Rust, Sean Monahan, Tyler Toffoli, Sean Couturier
Scratches
Travis Hamonic (Healthy), Pierre-edouard Bellemare (Healthy)
Arizona Coyotes
5 vs 5 Forward
Center Left Wing Right Wing Time % Phy DF OF
1 Charlie Coyle Mats Zuccarello Tyler Seguin 40 0 2 3
2 Mason McTavish Ryan Donato Tyler Bertuzzi 30 0 2 3
3 Erik Haula Ross Colton Ondrej Palat 20 1 3 1
4 Mike Hoffman Mark Jankowski Kiefer Sherwood 10 1 3 1
5 vs 5 Defense
Defense Defense Time % Phy DF OF
1 Jared Spurgeon Radko Gudas 40 0 3 2
2 Jani Hakanpaa Matt Dumba 35 2 2 1
3 Brayden McNabb Nick Seeler 20 2 3 0
4 Jared Spurgeon Matt Dumba 5 1 2 2
PowerPlay Forward
Center Left Wing Right Wing Time % Phy DF OF
1 Charlie Coyle Mats Zuccarello Tyler Seguin 50 1 2 2
2 Mason McTavish Ryan Donato Tyler Bertuzzi 50 1 2 2
PowerPlay Defense
Defense Defense Time % Phy DF OF
1 Jared Spurgeon Radko Gudas 50 1 2 2
2 Jani Hakanpaa Matt Dumba 50 1 2 2
Penalty Kill 4 Players Forward
Center Wing Time % Phy DF OF
1 Charlie Coyle Tyler Seguin 60 1 3 1
2 Mats Zuccarello Mason McTavish 40 1 2 2
Penalty Kill 4 Players Defense
Defense Defense Time % Phy DF OF
1 Jared Spurgeon Radko Gudas 50 1 3 1
2 Jani Hakanpaa Matt Dumba 50 1 2 2
Penalty Kill - 3 Players Forward
Forward Time % Phy DF OF
1 Charlie Coyle 50 1 2 2
2 Tyler Seguin 50 1 2 2
Penalty Kill - 3 Players Defense
Defense Defense Time % Phy DF OF
1 Jared Spurgeon Radko Gudas 50 1 2 2
2 Jani Hakanpaa Matt Dumba 50 1 2 2
4 vs 4 Forward
Center Wing Time % Phy DF OF
1 Charlie Coyle Tyler Seguin 50 1 2 2
2 Mats Zuccarello Mason McTavish 50 1 2 2
4 vs 4 Defense
Defense Defense Time % Phy DF OF
1 Jared Spurgeon Radko Gudas 50 1 2 2
2 Jani Hakanpaa Matt Dumba 50 1 2 2
Last Minutes Offensive
Center Left Wing Right Wing Defense Defense
Charlie Coyle Mats Zuccarello Tyler Seguin Jared Spurgeon Radko Gudas
Last Minutes Defensive
Center Left Wing Right Wing Defense Defense
Charlie Coyle Mats Zuccarello Tyler Seguin Jared Spurgeon Radko Gudas
Goaltenders
Starting : Jacob Markstrom
Backup : Elvis Merzlikins
Extra Forwards
Normal : Erik Haula, Ross Colton, Ondrej Palat - PP : Erik Haula, Ross Colton - PK : Ondrej Palat
Extra Defensemen
Normal : Brayden McNabb, Nick Seeler, Jani Hakanpaa - PP : Brayden McNabb - PK : Nick Seeler, Jani Hakanpaa
Penalty Shots
Charlie Coyle, Tyler Seguin, Mats Zuccarello, Mason McTavish, Ryan Donato
Scratches
Anthony Deangelo (Healthy), Carter Hart (Healthy)
% Time on Ice - Vegas Golden Knights
Lines # - Real PCT - Wanted PCT - Time Play
Normal Forward
1 - 28% - 30% - 13:44
2 - 29% - 30% - 14:28
3 - 24% - 25% - 11:45
4 - 19% - 15% - 9:14
Normal Defense
1 - 32% - 30% - 15:56
2 - 29% - 30% - 14:26
3 - 27% - 25% - 13:27
4 - 11% - 15% - 5:22
PP Forward
1 - 53% - 50% - 4:12
2 - 47% - 50% - 3:44
PP Defense
1 - 50% - 50% - 3:57
2 - 50% - 50% - 3:59
PK Forward
1 - 51% - 50% - 1:28
2 - 49% - 50% - 1:25
PK Defense
1 - 26% - 50% - 0:45
2 - 74% - 50% - 2:08
PK3 Forward
1 - 0% - 50%
2 - 0% - 50%
PK3 Defense
1 - 0% - 50%
2 - 0% - 50%
44 Forward
1 - 0% - 50%
2 - 0% - 50%
44 Defense
1 - 0% - 50%
2 - 0% - 50%
Last Minute Offensive - 0:00
Last Minute Defensive - 0:00
Total
Forward - 60:00
Defense - 60:00
|
% Time on Ice - Arizona Coyotes
Lines # - Real PCT - Wanted PCT - Time Play
Normal Forward
1 - 36% - 40% - 17:44
2 - 29% - 30% - 14:02
3 - 19% - 20% - 9:33
4 - 16% - 10% - 7:52
Normal Defense
1 - 43% - 40% - 21:18
2 - 36% - 35% - 17:42
3 - 18% - 20% - 8:40
4 - 3% - 5% - 1:31
PP Forward
1 - 48% - 50% - 1:23
2 - 52% - 50% - 1:30
PP Defense
1 - 43% - 50% - 1:15
2 - 57% - 50% - 1:38
PK Forward
1 - 78% - 60% - 6:13
2 - 22% - 40% - 1:43
PK Defense
1 - 52% - 50% - 4:08
2 - 48% - 50% - 3:48
PK3 Forward
1 - 0% - 50%
2 - 0% - 50%
PK3 Defense
1 - 0% - 50%
2 - 0% - 50%
44 Forward
1 - 0% - 50%
2 - 0% - 50%
44 Defense
1 - 0% - 50%
2 - 0% - 50%
Last Minute Offensive - 0:00
Last Minute Defensive - 0:00
Total
Forward - 60:00
Defense - 60:00
|
Play-by-Play
1st period
0:01 of 1st period - Mats Zuccarello wins face-off versus Auston Matthews in neutral zone.
1:05 of 1st period - Snap shot by Erik Haula.
1:05 of 1st period - Stopped by Semyon Varlamov without a rebound.
1:06 of 1st period - Jordan Staal wins face-off versus Mike Hoffman in Vegas Golden Knights zone.
1:28 of 1st period - Icing by Cole Smith.
1:29 of 1st period - Jordan Staal wins face-off versus Charlie Coyle in Vegas Golden Knights zone.
2:39 of 1st period - Matt Dumba is hit by Denis Gurianov and loses puck.
3:32 of 1st period - Icing by Jared Spurgeon.
3:33 of 1st period - Mason McTavish wins face-off versus Sean Monahan in Arizona Coyotes zone.
3:33 of 1st period - Mason McTavish is hit by Marc-Edouard Vlasic.
3:45 of 1st period - Snap shot by Tyler Toffoli.
3:45 of 1st period - Stopped by Jacob Markstrom without a rebound.
3:46 of 1st period - Erik Haula wins face-off versus Auston Matthews in Arizona Coyotes zone.
4:11 of 1st period - Jared Spurgeon is hit by Sean Monahan.
4:21 of 1st period - John Marino is hit by Nick Seeler and loses puck.
4:55 of 1st period - Slapshot by Denis Gurianov.
4:55 of 1st period - Stopped by Jacob Markstrom with a rebound.
4:57 of 1st period - Slapshot by Ryan Graves.
4:57 of 1st period - Shot Blocked by Nick Seeler.
5:24 of 1st period - Wrist shot by Tyler Toffoli.
5:24 of 1st period - Goal by Tyler Toffoli - Vegas Golden Knights : 1 - Arizona Coyotes : 0.
5:25 of 1st period - Auston Matthews wins face-off versus Charlie Coyle in neutral zone.
5:34 of 1st period - Slapshot by Mats Zuccarello.
5:34 of 1st period - Stopped by Semyon Varlamov with a rebound.
5:36 of 1st period - Slapshot by Radko Gudas.
5:36 of 1st period - Stopped by Semyon Varlamov with a rebound.
5:38 of 1st period - Wrist shot by Charlie Coyle.
5:38 of 1st period - Deflect By Tyler Seguin.
5:38 of 1st period - Shot Misses the Net.
5:38 of 1st period - Puck is out of play.
5:39 of 1st period - Charlie Coyle wins face-off versus Sean Couturier in Vegas Golden Knights zone.
5:52 of 1st period - Snap shot by Tyler Seguin.
5:52 of 1st period - Stopped by Semyon Varlamov without a rebound.
5:53 of 1st period - Mason McTavish wins face-off versus Sean Monahan in Vegas Golden Knights zone.
6:20 of 1st period - Tyler Seguin is hit by John Marino.
6:26 of 1st period - Snap shot by Mats Zuccarello.
6:26 of 1st period - Stopped by Semyon Varlamov with a rebound.
6:28 of 1st period - Slapshot by Matt Dumba.
6:28 of 1st period - Shot Misses the Net.
7:21 of 1st period - Off-side.
7:22 of 1st period - Jordan Staal wins face-off versus Mason McTavish in neutral zone.
7:47 of 1st period - Bryan Rust is hit by Charlie Coyle and loses puck.
8:18 of 1st period - Snap shot by Sean Couturier.
8:18 of 1st period - Stopped by Jacob Markstrom without a rebound.
8:19 of 1st period - Sean Monahan wins face-off versus Mats Zuccarello in Arizona Coyotes zone.
8:30 of 1st period - Wrist shot by Sean Monahan.
8:30 of 1st period - Shot Misses the Net.
9:44 of 1st period - Mark Jankowski is hit by Ryan Graves and loses puck.
9:51 of 1st period - Wrist shot by Sean Monahan.
9:51 of 1st period - Shot Misses the Net.
9:53 of 1st period - Slapshot by Marc-Edouard Vlasic.
9:53 of 1st period - Shot Blocked by Radko Gudas.
10:12 of 1st period - Tyler Seguin is hit by Auston Matthews and loses puck.
10:37 of 1st period - Wrist shot by Charlie Coyle.
10:37 of 1st period - Deflect By Tyler Seguin.
10:37 of 1st period - Shot Misses the Net.
10:37 of 1st period - Puck is out of play.
10:38 of 1st period - Sean Monahan wins face-off versus Mason McTavish in Vegas Golden Knights zone.
10:43 of 1st period - Slapshot by Tyler Bertuzzi.
10:43 of 1st period - Stopped by Semyon Varlamov with a rebound.
11:10 of 1st period - Slapshot by Ondrej Palat.
11:10 of 1st period - Shot Blocked by Roman Josi.
12:38 of 1st period - Slapshot by Reilly Smith.
12:38 of 1st period - Stopped by Jacob Markstrom without a rebound.
12:39 of 1st period - Charlie Coyle wins face-off versus Sean Couturier in Arizona Coyotes zone.
12:41 of 1st period - Minor Penalty to Radko Gudas for Tripping.
12:42 of 1st period - Auston Matthews wins face-off versus Charlie Coyle in Arizona Coyotes zone.
14:41 of 1st period - Penalty to Radko Gudas is over, Radko Gudas is back on ice.
15:27 of 1st period - Ondrej Palat is hit by Denis Gurianov and loses puck.
16:02 of 1st period - Jared Spurgeon is hit by Shea Theodore and loses puck.
16:13 of 1st period - Jared Spurgeon is hit by Denis Gurianov.
17:32 of 1st period - Wrist shot by Johnny Gaudreau.
17:32 of 1st period - Shot Misses the Net.
17:34 of 1st period - Slapshot by Marc-Edouard Vlasic.
17:34 of 1st period - Deflect By Tyler Toffoli.
17:34 of 1st period - Goal by Tyler Toffoli - Vegas Golden Knights : 2 - Arizona Coyotes : 0.
17:34 of 1st period - Elvis Merzlikins enters game.
17:35 of 1st period - Charlie Coyle wins face-off versus Sean Monahan in neutral zone.
17:40 of 1st period - Wrist shot by Tyler Seguin.
17:40 of 1st period - Deflect By Mats Zuccarello.
17:40 of 1st period - Shot Misses the Net.
17:40 of 1st period - Puck is out of play.
17:41 of 1st period - Tyler Seguin wins face-off versus Sean Monahan in Vegas Golden Knights zone.
17:48 of 1st period - Wrist shot by Mats Zuccarello.
17:48 of 1st period - Stopped by Semyon Varlamov with a rebound.
17:50 of 1st period - Slapshot by Jani Hakanpaa.
17:50 of 1st period - Shot Blocked by Tyler Toffoli.
18:05 of 1st period - Icing by Jani Hakanpaa.
18:06 of 1st period - Mason McTavish wins face-off versus Auston Matthews in Arizona Coyotes zone.
18:13 of 1st period - Snap shot by Mason McTavish.
18:13 of 1st period - Stopped by Semyon Varlamov with a rebound.
18:15 of 1st period - Snap shot by Mason McTavish.
18:15 of 1st period - Stopped by Semyon Varlamov with a rebound.
18:17 of 1st period - Slapshot by Matt Dumba.
18:17 of 1st period - Shot Blocked by Bryan Rust.
18:36 of 1st period - Wrist shot by Ondrej Palat.
18:36 of 1st period - Deflect By Reilly Smith.
18:36 of 1st period - Shot Misses the Net.
18:36 of 1st period - Puck is out of play.
18:37 of 1st period - Sean Monahan wins face-off versus Erik Haula in Vegas Golden Knights zone.
18:42 of 1st period - Snap shot by Sean Monahan.
18:42 of 1st period - Stopped by Elvis Merzlikins with a rebound.
18:44 of 1st period - Slapshot by Ryan Graves.
18:44 of 1st period - Stopped by Elvis Merzlikins without a rebound.
18:45 of 1st period - Sean Monahan wins face-off versus Charlie Coyle in Arizona Coyotes zone.
18:48 of 1st period - Snap shot by Tyler Toffoli.
18:48 of 1st period - Stopped by Elvis Merzlikins with a rebound.
19:24 of 1st period - Wrist shot by Erik Haula.
19:24 of 1st period - Stopped by Semyon Varlamov with a rebound.
19:58 of 1st period - Snap shot by Auston Matthews.
19:58 of 1st period - Stopped by Elvis Merzlikins without a rebound.
19:59 of 1st period - Charlie Coyle wins face-off versus Auston Matthews in Arizona Coyotes zone.
Goals for this period are 2 for Vegas Golden Knights vs 0 for Arizona Coyotes.
Shots for this period are 10 for Vegas Golden Knights vs 10 for Arizona Coyotes.
2nd period
0:01 of 2nd period - Auston Matthews wins face-off versus Charlie Coyle in neutral zone.
0:10 of 2nd period - Slapshot by Charlie Coyle.
0:10 of 2nd period - Shot Misses the Net.
1:16 of 2nd period - Charlie Coyle is hit by Denis Gurianov and loses puck.
1:41 of 2nd period - Backhand shot by Tyler Bertuzzi.
1:41 of 2nd period - Stopped by Semyon Varlamov without a rebound.
1:42 of 2nd period - Sean Couturier wins face-off versus Tyler Seguin in Vegas Golden Knights zone.
1:42 of 2nd period - Sean Couturier is hit by Brayden McNabb.
2:04 of 2nd period - Minor Penalty to Tyler Seguin for Tripping.
2:05 of 2nd period - Sean Monahan wins face-off versus Charlie Coyle in Arizona Coyotes zone.
2:10 of 2nd period - Wrist shot by Sean Monahan.
2:10 of 2nd period - Deflect By Tyler Toffoli.
2:10 of 2nd period - Stopped by Elvis Merzlikins with a rebound.
2:12 of 2nd period - Snap shot by Sean Monahan.
2:12 of 2nd period - Shot Blocked by Jani Hakanpaa.
2:14 of 2nd period - Snap shot by Sean Monahan.
2:14 of 2nd period - Shot Misses the Net.
2:16 of 2nd period - Slapshot by Tyler Toffoli.
2:16 of 2nd period - Shot Misses the Net.
2:18 of 2nd period - Wrist shot by Sean Monahan.
2:18 of 2nd period - Shot Blocked by Matt Dumba.
2:20 of 2nd period - Wrist shot by Tyler Toffoli.
2:20 of 2nd period - Shot Misses the Net.
2:30 of 2nd period - Reilly Smith is hit by Mason McTavish and loses puck.
4:04 of 2nd period - Penalty to Tyler Seguin is over, Tyler Seguin is back on ice.
4:14 of 2nd period - Mats Zuccarello is hit by Sean Couturier and loses puck.
4:25 of 2nd period - Snap shot by Jordan Staal.
4:25 of 2nd period - Goal by Jordan Staal - Vegas Golden Knights : 3 - Arizona Coyotes : 0.
4:26 of 2nd period - Erik Haula wins face-off versus Bryan Rust in neutral zone.
5:20 of 2nd period - Shea Theodore is hit by Radko Gudas and loses puck.
5:27 of 2nd period - Wrist shot by Mark Jankowski.
5:27 of 2nd period - Shot Blocked by Shea Theodore.
5:29 of 2nd period - Slapshot by Mark Jankowski.
5:29 of 2nd period - Stopped by Semyon Varlamov without a rebound.
5:30 of 2nd period - Ryan Donato wins face-off versus Sean Couturier in Vegas Golden Knights zone.
5:39 of 2nd period - Snap shot by Sean Couturier.
5:39 of 2nd period - Shot Misses the Net.
5:41 of 2nd period - Wrist shot by Matt Nieto.
5:41 of 2nd period - Stopped by Elvis Merzlikins with a rebound.
5:43 of 2nd period - Snap shot by Danton Heinen.
5:43 of 2nd period - Deflect By Sean Couturier.
5:43 of 2nd period - Stopped by Elvis Merzlikins with a rebound.
5:45 of 2nd period - Slapshot by John Marino.
5:45 of 2nd period - Shot Blocked by Nick Seeler.
5:57 of 2nd period - Tyler Seguin is hit by Thomas Chabot.
6:29 of 2nd period - Ross Colton is hit by Cole Smith and loses puck.
6:44 of 2nd period - Snap shot by Sean Monahan.
6:44 of 2nd period - Goal by Sean Monahan - Vegas Golden Knights : 4 - Arizona Coyotes : 0.
6:44 of 2nd period - Jacob Markstrom enters game.
6:45 of 2nd period - Sean Couturier wins face-off versus Charlie Coyle in neutral zone.
7:10 of 2nd period - Roman Josi is hit by Ryan Donato and loses puck.
7:17 of 2nd period - Wrist shot by Tyler Bertuzzi.
7:17 of 2nd period - Shot Misses the Net.
7:35 of 2nd period - Snap shot by Johnny Gaudreau.
7:35 of 2nd period - Shot Misses the Net.
7:55 of 2nd period - Slapshot by Roman Josi.
7:55 of 2nd period - Deflect By Jordan Staal.
7:55 of 2nd period - Shot Misses the Net.
7:55 of 2nd period - Puck is out of play.
7:56 of 2nd period - Jordan Staal wins face-off versus Charlie Coyle in Arizona Coyotes zone.
8:34 of 2nd period - Wrist shot by Auston Matthews.
8:34 of 2nd period - Stopped by Jacob Markstrom without a rebound.
8:35 of 2nd period - Sean Couturier wins face-off versus Charlie Coyle in Arizona Coyotes zone.
8:42 of 2nd period - Wrist shot by Tyler Seguin.
8:42 of 2nd period - Stopped by Semyon Varlamov without a rebound.
8:43 of 2nd period - Charlie Coyle wins face-off versus Sean Couturier in Vegas Golden Knights zone.
8:48 of 2nd period - Snap shot by Tyler Seguin.
8:48 of 2nd period - Stopped by Semyon Varlamov with a rebound.
8:50 of 2nd period - Slapshot by Mats Zuccarello.
8:50 of 2nd period - Shot Blocked by Roman Josi.
8:52 of 2nd period - Snap shot by Charlie Coyle.
8:52 of 2nd period - Stopped by Semyon Varlamov without a rebound.
8:53 of 2nd period - Charlie Coyle wins face-off versus Johnny Gaudreau in Vegas Golden Knights zone.
9:02 of 2nd period - Snap shot by Mats Zuccarello.
9:02 of 2nd period - Shot Misses the Net.
9:04 of 2nd period - Wrist shot by Charlie Coyle.
9:04 of 2nd period - Shot Misses the Net.
9:06 of 2nd period - Snap shot by Charlie Coyle.
9:06 of 2nd period - Shot Misses the Net.
9:08 of 2nd period - Wrist shot by Mats Zuccarello.
9:08 of 2nd period - Deflect By Tyler Seguin.
9:08 of 2nd period - Stopped by Semyon Varlamov without a rebound.
9:09 of 2nd period - Mason McTavish wins face-off versus Bryan Rust in Vegas Golden Knights zone.
9:58 of 2nd period - Denis Gurianov is hit by Charlie Coyle and loses puck.
10:13 of 2nd period - Snap shot by Mats Zuccarello.
10:13 of 2nd period - Shot Blocked by Shea Theodore.
10:29 of 2nd period - Slapshot by Roman Josi.
10:29 of 2nd period - Deflect By Denis Gurianov.
10:29 of 2nd period - Stopped by Jacob Markstrom with a rebound.
10:31 of 2nd period - Snap shot by Denis Gurianov.
10:31 of 2nd period - Shot Blocked by Brayden McNabb.
10:50 of 2nd period - Wrist shot by Jordan Staal.
10:50 of 2nd period - Stopped by Jacob Markstrom with a rebound.
10:52 of 2nd period - Wrist shot by Jordan Staal.
10:52 of 2nd period - Deflect By Mats Zuccarello.
10:52 of 2nd period - Goal by Jordan Staal - Vegas Golden Knights : 5 - Arizona Coyotes : 0.
10:53 of 2nd period - Johnny Gaudreau wins face-off versus Mason McTavish in neutral zone.
11:00 of 2nd period - Snap shot by Sean Monahan.
11:00 of 2nd period - Shot Misses the Net.
11:02 of 2nd period - Wrist shot by Sean Monahan.
11:02 of 2nd period - Stopped by Jacob Markstrom with a rebound.
11:04 of 2nd period - Wrist shot by Johnny Gaudreau.
11:04 of 2nd period - Stopped by Jacob Markstrom without a rebound.
11:05 of 2nd period - Mason McTavish wins face-off versus Auston Matthews in Arizona Coyotes zone.
11:16 of 2nd period - Slapshot by Mason McTavish.
11:16 of 2nd period - Goal by Mason McTavish - Vegas Golden Knights : 5 - Arizona Coyotes : 1.
11:17 of 2nd period - Mason McTavish wins face-off versus Sean Monahan in neutral zone.
11:44 of 2nd period - Bryan Rust is hit by Tyler Seguin and loses puck.
11:53 of 2nd period - Snap shot by Auston Matthews.
11:53 of 2nd period - Stopped by Jacob Markstrom without a rebound.
11:54 of 2nd period - Erik Haula wins face-off versus Sean Couturier in Arizona Coyotes zone.
12:05 of 2nd period - Wrist shot by Erik Haula.
12:05 of 2nd period - Shot Misses the Net.
12:21 of 2nd period - Johnny Gaudreau is hit by Matt Dumba and loses puck.
12:48 of 2nd period - Mason McTavish is hit by Reilly Smith and loses puck.
13:09 of 2nd period - Slapshot by Mark Jankowski.
13:09 of 2nd period - Shot Misses the Net.
13:11 of 2nd period - Slapshot by Matt Dumba.
13:11 of 2nd period - Stopped by Semyon Varlamov without a rebound.
13:12 of 2nd period - Sean Couturier wins face-off versus Mike Hoffman in Vegas Golden Knights zone.
13:12 of 2nd period - Sean Couturier is hit by Kiefer Sherwood.
13:24 of 2nd period - Snap shot by Sean Couturier.
13:24 of 2nd period - Shot Misses the Net.
13:26 of 2nd period - Slapshot by Matt Nieto.
13:26 of 2nd period - Stopped by Jacob Markstrom without a rebound.
13:27 of 2nd period - Sean Monahan wins face-off versus Mason McTavish in Arizona Coyotes zone.
13:30 of 2nd period - Snap shot by Sean Monahan.
13:30 of 2nd period - Stopped by Jacob Markstrom with a rebound.
13:37 of 2nd period - Sean Monahan beats up Radko Gudas.
13:37 of 2nd period - Penalty to Radko Gudas for Fighting.
13:37 of 2nd period - Penalty to Sean Monahan for Fighting.
13:37 of 2nd period - Penalty to Radko Gudas for instigated a fight.
13:37 of 2nd period - Penalty to Radko Gudas for instigated and being the aggresor in a fight.
13:37 of 2nd period - Radko Gudas is ejected from game.
13:38 of 2nd period - Jordan Staal wins face-off versus Charlie Coyle in Vegas Golden Knights zone.
14:23 of 2nd period - Nick Seeler is hit by John Marino.
15:16 of 2nd period - Matt Dumba is hit by Bryan Rust and loses puck.
15:37 of 2nd period - Penalty to Radko Gudas is over, Ondrej Palat is send on ice.
16:34 of 2nd period - Bryan Rust is hit by Erik Haula and loses puck.
16:57 of 2nd period - Johnny Gaudreau is hit by Kiefer Sherwood.
17:45 of 2nd period - Reilly Smith is hit by Tyler Bertuzzi and loses puck.
17:53 of 2nd period - Icing by Marc-Edouard Vlasic.
17:54 of 2nd period - Mike Hoffman wins face-off versus Auston Matthews in Vegas Golden Knights zone.
18:05 of 2nd period - Wrist shot by Kiefer Sherwood.
18:05 of 2nd period - Deflect By Mark Jankowski.
18:05 of 2nd period - Shot Misses the Net.
18:05 of 2nd period - Puck is out of play.
18:06 of 2nd period - Charlie Coyle wins face-off versus Sean Couturier in Vegas Golden Knights zone.
18:07 of 2nd period - Slapshot by Mats Zuccarello.
18:07 of 2nd period - Stopped by Semyon Varlamov with a rebound.
18:36 of 2nd period - Slapshot by Jani Hakanpaa.
18:36 of 2nd period - Shot Blocked by John Marino.
18:48 of 2nd period - Ondrej Palat is hit by Jordan Staal and loses puck.
Goals for this period are 3 for Vegas Golden Knights vs 1 for Arizona Coyotes.
Shots for this period are 14 for Vegas Golden Knights vs 9 for Arizona Coyotes.
3rd period
0:01 of 3rd period - Charlie Coyle wins face-off versus Auston Matthews in neutral zone.
0:12 of 3rd period - Snap shot by Tyler Seguin.
0:12 of 3rd period - Shot Misses the Net.
0:26 of 3rd period - Danton Heinen is hit by Ryan Donato and loses puck.
1:07 of 3rd period - Wrist shot by Jordan Staal.
1:07 of 3rd period - Deflect By Denis Gurianov.
1:07 of 3rd period - Shot Blocked by Jared Spurgeon.
1:07 of 3rd period - Puck is out of play.
1:08 of 3rd period - Mike Hoffman wins face-off versus Jordan Staal in Arizona Coyotes zone.
1:08 of 3rd period - Mike Hoffman is hit by Cole Smith.
1:18 of 3rd period - Slapshot by Matt Dumba.
1:18 of 3rd period - Shot Blocked by Cole Smith.
1:20 of 3rd period - Slapshot by Mark Jankowski.
1:20 of 3rd period - Shot Misses the Net.
1:22 of 3rd period - Slapshot by Mark Jankowski.
1:22 of 3rd period - Shot Blocked by Jordan Staal.
1:24 of 3rd period - Wrist shot by Matt Dumba.
1:24 of 3rd period - Shot Blocked by Jordan Staal.
1:40 of 3rd period - Wrist shot by Tyler Seguin.
1:40 of 3rd period - Shot Misses the Net.
1:42 of 3rd period - Minor Penalty to Roman Josi for Tripping.
1:43 of 3rd period - Jordan Staal wins face-off versus Charlie Coyle in Vegas Golden Knights zone.
1:56 of 3rd period - Slapshot by Charlie Coyle.
1:56 of 3rd period - Stopped by Semyon Varlamov without a rebound.
1:57 of 3rd period - Mason McTavish wins face-off versus Jordan Staal in Vegas Golden Knights zone.
1:58 of 3rd period - Snap shot by Ryan Donato.
1:58 of 3rd period - Stopped by Semyon Varlamov with a rebound.
2:16 of 3rd period - Wrist shot by Denis Gurianov.
2:16 of 3rd period - Shot Misses the Net.
2:34 of 3rd period - Snap shot by Tyler Seguin.
2:34 of 3rd period - Stopped by Semyon Varlamov with a rebound.
2:36 of 3rd period - Slapshot by Tyler Seguin.
2:36 of 3rd period - Goal by Tyler Seguin - Vegas Golden Knights : 5 - Arizona Coyotes : 2.
2:37 of 3rd period - Charlie Coyle wins face-off versus Auston Matthews in neutral zone.
2:44 of 3rd period - Off-side.
2:45 of 3rd period - Auston Matthews wins face-off versus Charlie Coyle in neutral zone.
2:51 of 3rd period - Icing by Matt Dumba.
2:52 of 3rd period - Charlie Coyle wins face-off versus Sean Couturier in Arizona Coyotes zone.
3:19 of 3rd period - Snap shot by Mats Zuccarello.
3:19 of 3rd period - Stopped by Semyon Varlamov with a rebound.
3:21 of 3rd period - Slapshot by Jani Hakanpaa.
3:21 of 3rd period - Stopped by Semyon Varlamov with a rebound.
3:31 of 3rd period - Wrist shot by Mats Zuccarello.
3:31 of 3rd period - Stopped by Semyon Varlamov without a rebound.
3:32 of 3rd period - Auston Matthews wins face-off versus Mason McTavish in Vegas Golden Knights zone.
3:32 of 3rd period - Auston Matthews is hit by Mason McTavish.
3:38 of 3rd period - Brayden McNabb is hit by Auston Matthews and loses puck.
4:14 of 3rd period - Shea Theodore is hit by Matt Dumba and loses puck.
4:17 of 3rd period - Slapshot by Shea Theodore.
4:17 of 3rd period - Stopped by Jacob Markstrom without a rebound.
4:18 of 3rd period - Mark Jankowski wins face-off versus Sean Monahan in Arizona Coyotes zone.
4:27 of 3rd period - Snap shot by Matt Dumba.
4:27 of 3rd period - Stopped by Semyon Varlamov with a rebound.
4:57 of 3rd period - Snap shot by Charlie Coyle.
4:57 of 3rd period - Stopped by Semyon Varlamov without a rebound.
4:58 of 3rd period - Mason McTavish wins face-off versus Sean Couturier in Vegas Golden Knights zone.
5:05 of 3rd period - Slapshot by Roman Josi.
5:05 of 3rd period - Stopped by Jacob Markstrom with a rebound.
5:25 of 3rd period - Tyler Toffoli is hit by Brayden McNabb and loses puck.
5:44 of 3rd period - Reilly Smith is hit by Erik Haula.
6:27 of 3rd period - Snap shot by Danton Heinen.
6:27 of 3rd period - Stopped by Jacob Markstrom with a rebound.
6:29 of 3rd period - Minor Penalty to Mason McTavish for Roughing.
6:30 of 3rd period - Charlie Coyle wins face-off versus Auston Matthews in Arizona Coyotes zone.
6:39 of 3rd period - Slapshot by Roman Josi.
6:39 of 3rd period - Shot Misses the Net.
6:51 of 3rd period - Reilly Smith is hit by Nick Seeler and loses puck.
6:58 of 3rd period - Snap shot by Thomas Chabot.
6:58 of 3rd period - Shot Misses the Net.
7:00 of 3rd period - Snap shot by Bryan Rust.
7:00 of 3rd period - Shot Misses the Net.
7:02 of 3rd period - Slapshot by Bryan Rust.
7:02 of 3rd period - Shot Misses the Net.
7:04 of 3rd period - Snap shot by Bryan Rust.
7:04 of 3rd period - Stopped by Jacob Markstrom with a rebound.
7:06 of 3rd period - Slapshot by Roman Josi.
7:06 of 3rd period - Stopped by Jacob Markstrom without a rebound.
7:07 of 3rd period - Sean Monahan wins face-off versus Charlie Coyle in Arizona Coyotes zone.
7:44 of 3rd period - Icing by Auston Matthews.
7:45 of 3rd period - Auston Matthews wins face-off versus Charlie Coyle in Vegas Golden Knights zone.
7:45 of 3rd period - Auston Matthews is hit by Nick Seeler.
7:59 of 3rd period - Snap shot by Bryan Rust.
7:59 of 3rd period - Stopped by Jacob Markstrom without a rebound.
8:00 of 3rd period - Charlie Coyle wins face-off versus Sean Monahan in Arizona Coyotes zone.
8:29 of 3rd period - Penalty to Mason McTavish is over, Mason McTavish is back on ice.
8:37 of 3rd period - 10 Minutes Misconduct Penalty to Radko Gudas is over.
9:04 of 3rd period - Off-side.
9:05 of 3rd period - Sean Monahan wins face-off versus Mike Hoffman in neutral zone.
9:14 of 3rd period - Wrist shot by Mike Hoffman.
9:14 of 3rd period - Shot Blocked by Sean Monahan.
9:54 of 3rd period - Slapshot by Johnny Gaudreau.
9:54 of 3rd period - Stopped by Jacob Markstrom with a rebound.
9:56 of 3rd period - Snap shot by Johnny Gaudreau.
9:56 of 3rd period - Shot Blocked by Charlie Coyle.
9:58 of 3rd period - Slapshot by Shea Theodore.
9:58 of 3rd period - Shot Blocked by Tyler Seguin.
10:00 of 3rd period - Slapshot by Roman Josi.
10:00 of 3rd period - Shot Misses the Net.
10:02 of 3rd period - Slapshot by Shea Theodore.
10:02 of 3rd period - Shot Blocked by Tyler Seguin.
10:04 of 3rd period - Slapshot by Sean Monahan.
10:04 of 3rd period - Stopped by Jacob Markstrom with a rebound.
10:06 of 3rd period - Slapshot by Shea Theodore.
10:06 of 3rd period - Shot Blocked by Brayden McNabb.
10:58 of 3rd period - Wrist shot by Sean Monahan.
10:58 of 3rd period - Shot Blocked by Mats Zuccarello.
11:06 of 3rd period - Slapshot by Tyler Toffoli.
11:06 of 3rd period - Goal by Tyler Toffoli - Vegas Golden Knights : 6 - Arizona Coyotes : 2.
11:07 of 3rd period - Auston Matthews wins face-off versus Mason McTavish in neutral zone.
11:07 of 3rd period - Auston Matthews is hit by Jani Hakanpaa.
11:13 of 3rd period - Wrist shot by Reilly Smith.
11:13 of 3rd period - Stopped by Jacob Markstrom with a rebound.
11:15 of 3rd period - Snap shot by Thomas Chabot.
11:15 of 3rd period - Shot Blocked by Jani Hakanpaa.
11:17 of 3rd period - Wrist shot by Reilly Smith.
11:17 of 3rd period - Shot Blocked by Mason McTavish.
11:19 of 3rd period - Snap shot by Bryan Rust.
11:19 of 3rd period - Shot Misses the Net.
11:40 of 3rd period - Danton Heinen is hit by Matt Dumba and loses puck.
12:10 of 3rd period - Matt Dumba is hit by Sean Couturier and loses puck.
12:19 of 3rd period - Snap shot by Sean Couturier.
12:19 of 3rd period - Stopped by Jacob Markstrom without a rebound.
12:20 of 3rd period - Mason McTavish wins face-off versus Auston Matthews in Arizona Coyotes zone.
12:54 of 3rd period - Wrist shot by Mike Hoffman.
12:54 of 3rd period - Deflect By Mark Jankowski.
12:54 of 3rd period - Shot Misses the Net.
12:54 of 3rd period - Puck is out of play.
12:55 of 3rd period - Mason McTavish wins face-off versus Jordan Staal in Vegas Golden Knights zone.
13:04 of 3rd period - Snap shot by Roman Josi.
13:04 of 3rd period - Stopped by Jacob Markstrom with a rebound.
13:25 of 3rd period - Slapshot by Auston Matthews.
13:25 of 3rd period - Shot Misses the Net.
13:27 of 3rd period - Backhand shot by Reilly Smith.
13:27 of 3rd period - Goal by Reilly Smith - Vegas Golden Knights : 7 - Arizona Coyotes : 2.
13:28 of 3rd period - Auston Matthews wins face-off versus Charlie Coyle in neutral zone.
14:39 of 3rd period - Jordan Staal is hit by Charlie Coyle and loses puck.
14:46 of 3rd period - Wrist shot by Mats Zuccarello.
14:46 of 3rd period - Shot Misses the Net.
14:53 of 3rd period - Minor Penalty to Ryan Graves for Cross-checking.
14:54 of 3rd period - Jordan Staal wins face-off versus Mason McTavish in Vegas Golden Knights zone.
15:10 of 3rd period - Backhand shot by Ryan Donato.
15:10 of 3rd period - Stopped by Semyon Varlamov with a rebound.
16:53 of 3rd period - Penalty to Ryan Graves is over, Ryan Graves is back on ice.
16:54 of 3rd period - Off-side.
16:55 of 3rd period - Erik Haula wins face-off versus Auston Matthews in neutral zone.
16:58 of 3rd period - Wrist shot by Ondrej Palat.
16:58 of 3rd period - Stopped by Semyon Varlamov without a rebound.
16:59 of 3rd period - Erik Haula wins face-off versus Auston Matthews in Vegas Golden Knights zone.
17:00 of 3rd period - Snap shot by Ross Colton.
17:00 of 3rd period - Stopped by Semyon Varlamov with a rebound.
17:02 of 3rd period - Wrist shot by Brayden McNabb.
17:02 of 3rd period - Shot Misses the Net.
17:31 of 3rd period - Wrist shot by Johnny Gaudreau.
17:31 of 3rd period - Stopped by Jacob Markstrom without a rebound.
17:32 of 3rd period - Sean Couturier wins face-off versus Charlie Coyle in Arizona Coyotes zone.
18:21 of 3rd period - Wrist shot by Ross Colton.
18:21 of 3rd period - Shot Blocked by Thomas Chabot.
18:23 of 3rd period - Snap shot by Jared Spurgeon.
18:23 of 3rd period - Shot Blocked by Thomas Chabot.
18:25 of 3rd period - Snap shot by Erik Haula.
18:25 of 3rd period - Stopped by Semyon Varlamov without a rebound.
18:26 of 3rd period - Sean Monahan wins face-off versus Charlie Coyle in Vegas Golden Knights zone.
18:26 of 3rd period - Sean Monahan is hit by Jared Spurgeon.
18:32 of 3rd period - Jared Spurgeon is hit by Johnny Gaudreau.
18:42 of 3rd period - Snap shot by Tyler Seguin.
18:42 of 3rd period - Shot Blocked by Tyler Toffoli.
19:24 of 3rd period - Wrist shot by Denis Gurianov.
19:24 of 3rd period - Stopped by Jacob Markstrom with a rebound.
19:26 of 3rd period - Snap shot by Cole Smith.
19:26 of 3rd period - Shot Blocked by Jared Spurgeon.
Goals for this period are 2 for Vegas Golden Knights vs 1 for Arizona Coyotes.
Shots for this period are 15 for Vegas Golden Knights vs 13 for Arizona Coyotes.
Back to the Top